Map: Thunderbird LE

Players

Kelazhur

  • Race: Terran Terran
  • Spawn Location: 11:00

TIME (Oliveira) - Winner!

  • Race: Terran Terran
  • League: Master
  • Spawn Location: 5:00

Event: NationWars 2019

VOD

Have the link to the VOD?

Description

Time

  • Played on: Nov. 13, 2019, 1:08 p.m.
  • Length: 8:46

All games in this series

Show
View Real Time Build Order
Export as new Build Order

Kelazhur Terran 

Build Orders: Gas First Reaper Expand, Hellion Banshee 

Get SALT Encoding   

  12  0:00  SCV  
  13  0:13  SCV  
  14  0:17  Supply Depot  
  14  0:25  SCV  
  15  0:29  Refinery  
  15  0:38  SCV  
  16  0:43  Barracks  
  16  0:50  SCV  
  17  1:03  SCV  
  18  1:15  SCV  
  19  1:31  Orbital Command, Reaper  
  20  1:43  Command Center  
  20  1:56  SCV  
  20  1:58  Factory  
  21  2:06  Barracks Reactor  
  21  2:08  SCV  
  21  2:14  Supply Depot  
  22  2:19  Refinery  
  22  2:21  SCV  
  23  2:35  SCV  
  24  2:45  Starport  
  24  2:47  SCV  
  24  2:50  Hellion x2  
  29  2:55  Barracks Tech Lab  
  29  2:56  Orbital Command  
  29  2:59  SCV  
  30  3:11  Hellion x2  
  30  3:12  SCV  
  35  3:22  SCV  
  35  3:24  SCV  
  37  3:28  Medivac  
  37  3:33  Hellion x2  
  43  3:35  Supply Depot  
  43  3:38  SCV x2  
  45  3:41  Barracks Tech Lab  
  45  3:44  Cloaking Field  
  45  3:49  Supply Depot  
  45  3:52  SCV  
  46  3:56  SCV  
  46  4:01  Banshee  
  50  4:04  SCV  
  50  4:05  Supply Depot  
  50  4:08  SCV  
  52  4:16  SCV, Marine x2  
  55  4:17  Siege Tank  
  55  4:20  SCV  
  55  4:23  Supply Depot  
  59  4:29  SCV  
  60  4:33  SCV  
  60  4:34  Marine x2  
  61  4:48  SCV  
  61  4:52  SCV, Marine x2  
  55  4:54  Siege Tank  
  55  4:56  Command Center  
  55  4:57  Banshee  
  58  5:01  SCV  
  58  5:04  SCV  
  60  5:08  Barracks  
  60  5:09  Barracks  
  60  5:11  Refinery  
  60  5:12  Refinery  
  60  5:13  SCV  
  61  5:15  Marine x2  
  61  5:17  SCV  
  64  5:25  SCV  
  68  5:28  Siege Tank  
  68  5:29  SCV  
  69  5:37  SCV  
  69  5:39  Marine x2  
  69  5:42  SCV  
  73  5:44  Raven  
  73  5:45  Engineering Bay  
  73  5:46  Engineering Bay  
  73  5:49  SCV  
  76  5:50  Supply Depot  
  76  5:54  SCV  
  77  5:57  Marine  
  77  6:02  Marine  
  78  6:06  Barracks Tech Lab  
  78  6:07  Barracks  
  78  6:08  SCV x2  
  78  6:10  Factory Tech Lab, Orbital Command  
  78  6:11  Barracks  
  79  6:20  SCV x2, Supply Depot  
  79  6:21  Marine x3  
  79  6:25  Stimpack  
  84  6:31  Siege Tank  
  84  6:32  SCV  
  86  6:42  Marine  
  86  6:43  Marine x3  
  80  6:50  Banshee  
  74  6:58  SCV x2  
  74  7:00  Marine x4  
  64  7:10  SCV x2  
  64  7:11  Siege Tank  
  69  7:18  Marine x4  
  69  7:22  SCV x2  
  71  7:34  SCV  
  71  7:35  SCV  
  71  7:36  Marine x4  
  76  7:46  SCV  
  76  7:47  SCV  
  65  7:53  Siege Tank  
  65  7:54  Marine x4  
  47  7:58  SCV  
  47  8:01  SCV  
  46  8:11  SCV, Marine  
  46  8:12  Marine x3  
  49  8:13  SCV  
  32  8:22  Marine  
  32  8:23  SCV  
Show
View Real Time Build Order
Export as new Build Order

TIME Terran - Winner!

Build Orders: Reaper Expand 

Get SALT Encoding   

  12  0:01  SCV  
  13  0:13  SCV  
  14  0:17  Supply Depot  
  14  0:25  SCV  
  15  0:38  SCV  
  15  0:40  Barracks  
  16  0:45  Refinery  
  16  0:50  SCV  
  17  1:02  SCV  
  18  1:15  SCV  
  19  1:28  Orbital Command  
  19  1:29  Reaper  
  20  1:42  Command Center  
  20  1:54  SCV  
  20  1:59  Supply Depot  
  21  2:01  Marine  
  21  2:06  SCV  
  23  2:10  Factory  
  23  2:15  Refinery  
  23  2:21  SCV  
  24  2:25  Barracks Reactor  
  24  2:33  SCV  
  25  2:45  SCV  
  25  2:49  Bunker  
  26  2:55  Starport, Hellion  
  26  2:57  Orbital Command, SCV  
  29  3:03  Marine x2  
  31  3:09  SCV  
  32  3:18  Factory Tech Lab  
  32  3:21  Marine x2  
  32  3:22  SCV  
  32  3:23  SCV  
  36  3:31  Supply Depot, Refinery  
  36  3:34  SCV  
  36  3:39  Marine x2  
  36  3:40  SCV  
  40  3:41  Raven  
  40  3:43  Factory Tech Lab  
  40  3:47  SCV  
  43  3:52  SCV  
  44  3:57  Marine x2  
  44  3:59  SCV  
  47  4:02  Supply Depot  
  47  4:03  Cyclone  
  47  4:04  SCV  
  51  4:11  SCV  
  51  4:14  Marine  
  51  4:15  Marine  
  54  4:20  Supply Depot  
  54  4:24  Raven, SCV x2  
  58  4:35  Marine x2  
  58  4:36  SCV x2  
  61  4:39  Siege Tank  
  59  4:48  SCV x2  
  57  4:53  Marine  
  58  5:00  SCV x2  
  60  5:12  SCV x2, Command Center  
  62  5:16  Supply Depot  
  62  5:18  Siege Tank  
  65  5:24  Viking  
  65  5:27  SCV  
  68  5:28  SCV  
  69  5:38  Stimpack, Viking  
  69  5:39  Marine  
  69  5:41  SCV  
  73  5:43  SCV  
  73  5:47  Supply Depot  
  74  5:50  Siege Tank  
  74  5:55  SCV  
  78  6:03  Refinery  
  78  6:05  Supply Depot  
  78  6:08  Marine  
  78  6:09  SCV x2, Viking  
  81  6:13  Viking  
  83  6:21  SCV x2  
  83  6:25  Orbital Command  
  85  6:26  Marine  
  85  6:32  Siege Tank  
  88  6:33  SCV x2  
  88  6:39  Viking  
  92  6:45  SCV x2  
  87  6:47  Viking  
  82  6:57  SCV x2, Marine  
  82  6:58  SCV  
  74  7:08  Viking  
  74  7:09  SCV x2  
  74  7:12  SCV  
  77  7:21  SCV x2  
  75  7:26  SCV  
  75  7:29  Siege Tank, Viking  
  81  7:34  SCV  
  81  7:36  SCV  
  83  7:37  Barracks  
  83  7:38  Barracks  
  83  7:39  SCV  
  84  7:47  Viking  
  84  7:56  Marine  
  84  7:57  SCV  
  76  7:59  SCV x2, Viking  
  76  8:07  Siege Tank  
  76  8:09  SCV  
  76  8:11  SCV  
  70  8:25  Barracks Reactor x2  
  70  8:27  SCV x3  
Tags
 
Add a new tag
Caveats
  • Supply blocks, unpowered buildings, or Contaminate may cause inaccurate times.
  • Supply counts are checked every 10 seconds.